 Dungeon Crawl Stone Soup version 0.30.1-11-g7821555f0a (webtiles) character file.

Game seed: 8773112397947243443

296 Cheops the Trooper (level 6, 0/68 HPs)
             Began as an Ogre Gladiator on Dec 11, 2023.
             Slain by a jelly (3 damage)
             ... in a sewer.
             The game lasted 00:04:40 (2926 turns).

Cheops the Trooper (Ogre Gladiator)                 Turns: 2926, Time: 00:04:40

Health: 0/68       AC: -5    Str: 21    XL:     6   Next: 34%
Magic:  6/6        EV: 10    Int:  9    God:
Gold:   68         SH:  0    Dex: 10    Spells: 5/5 levels left

rFire   . . .        a - +0 flail
rCold   . . .        (no shield)
rNeg    . . .        b - +0 robe
rPois   +            c - +0 hat
rElec   .            (no cloak)
rCorr   .            (gloves unavailable)
SInv    .            (boots unavailable)
Will    +....        (no amulet)
Stlth   +            l - ring of poison resistance
HPRegen 0.31/turn    f - ring of willpower
MPRegen 0.10/turn

%: no passive effects
@: corroded
A: large, unfitting armour, tough skin 1
a: no special abilities


You were in a sewer.
You visited 1 branch of the dungeon, and saw 3 of its levels.
You also visited: Sewer.

You collected 68 gold pieces.

Inventory:

Hand Weapons
 a - a +0 flail (weapon)
 k - a +2 whip of electrocution
Missiles
 d - 3 throwing nets (quivered)
 e - a large rock
Armour
 b - a +0 robe (worn)
 c - a +0 hat (worn)
Jewellery
 f - a ring of willpower (right hand)
 l - a ring of poison resistance (left hand)
 o - a ring of see invisible
Scrolls
 g - 2 scrolls of teleportation {unknown}
 i - a scroll of vulnerability {unknown}
 j - a scroll of blinking {unknown}
 q - a scroll of enchant weapon {unknown}
 u - a scroll of identify {unknown}
Potions
 h - 2 potions of curing {unknown}
 m - a potion of ambrosia {unknown}
 n - 2 potions of mutation {unknown}
 p - a potion of brilliance {unknown}
 r - a potion of flight {unknown}
 s - a potion of attraction {unknown}
 t - a potion of heal wounds {unknown}
 v - a potion of magic {unknown}
 w - a potion of haste {unknown}


   Skills:
 + Level 6.3 Fighting
 + Level 4.8 Maces & Flails
 - Level 2.0 Throwing
 - Level 2.6 Dodging


You had 5 spell levels left.
You didn't know any spells.
Your spell library contained the following spells:

 Spells                   Type           Power      Damage    Failure   Level
 Sting                    Tmut/Pois      0%         1d3       38%         1
 Poisonous Vapours        Pois/Air       0%         N/A       52%         2
 Olgreb's Toxic Radiance  Pois           0%         N/A       99%         4
 Summon Forest            Summ/Tloc      0%         N/A       100%        5
 Summon Mana Viper        Hex/Summ       0%         N/A       100%        5
 Summon Cactus Giant      Summ           0%         N/A       100%        6


Dungeon Overview and Level Annotations

Branches:
Dungeon (3/15)              Sewer (1/1)

Altars:


Innate Abilities, Weirdness & Mutations

You are too large for most types of armour.
You have tough skin. (AC +1)


Message History

A jelly comes into view.
Found a cyan potion.
A jelly is nearby!
A jelly is nearby!
A jelly is nearby!
The jelly completely misses you.
You barely miss the jelly. The jelly hits you. The acid corrodes you!
You are splashed with acid!
You hit the jelly but do no damage.
Your hands burn!
The jelly hits you. The acid corrodes you!
You are splashed with acid!
* * * LOW HITPOINT WARNING * * *
You are too injured to fight recklessly!
You are too injured to fight recklessly!
You are too injured to fight recklessly!
A jelly is nearby!
A jelly is nearby!
A jelly is nearby!
You are too injured to fight recklessly!
You hit the jelly but do no damage.
Your hands burn!
* * * LOW HITPOINT WARNING * * *
The jelly hits you.
* * * LOW HITPOINT WARNING * * *
You are splashed with acid!
* * * LOW HITPOINT WARNING * * *
You hit the jelly.
Your hands burn!
* * * LOW HITPOINT WARNING * * *
The jelly is moderately wounded.
The jelly hits you.
* * * LOW HITPOINT WARNING * * *
You are splashed with acid!
* * * LOW HITPOINT WARNING * * *
The jelly hits you.
* * * LOW HITPOINT WARNING * * *
The acid corrodes you!
You are splashed with acid!
* * * LOW HITPOINT WARNING * * *
You hit the jelly.
Your hands burn!
* * * LOW HITPOINT WARNING * * *
The jelly is heavily wounded.
The jelly hits you.
You die...

#~.# #†.# #~~# #~~# #..#
#..# #~.####..# #~.#
#..~...~~# #~.# #..~....~#
#~.# ########## #..# #####
##..# ##..~## #..~# #~...@#
##~~## #~.#.~J####~~~#
####÷~##!.##~~~~~#
##~..~.~####.÷~..##
####~..~~~~~##~~.~####
##~~.~~.###~~~.~.÷##..#
####..~~.~##.##~~..~##...#
#~.~.~##÷.#..~##....#...##
.~...###.~##~~~...~~##...##


You could see a jelly.

Vanquished Creatures
  3 jellies (Sewer)
  8 adders
  4 river rats
  4 worms
  A dart slug (D:2)
  4 bats
  13 endoplasms
  5 giant cockroaches
  6 goblins
  8 hobgoblins
  A quokka (D:1)
  8 ball pythons
  7 frilled lizards
  9 kobolds
  10 rats
91 creatures vanquished.

Notes
Turn   | Place    | Note
-------+----------+-------------------------------------------
     0 | D:1      | Cheops the Ogre Gladiator began the quest for the Orb.
     0 | D:1      | Reached XP level 1. HP: 22/22 MP: 1/1
   161 | D:1      | Reached skill level 3 in Fighting
   167 | D:1      | Reached XP level 2. HP: 23/31 MP: 2/2
   459 | D:1      | Reached XP level 3. HP: 28/39 MP: 3/3
   586 | D:1      | Found a faded altar of an unknown god.
   610 | D:1      | Reached skill level 4 in Fighting
  1434 | D:2      | Reached XP level 4. HP: 49/49 MP: 4/4
  2258 | D:3      | Reached skill level 5 in Fighting
  2265 | D:3      | Reached XP level 5. HP: 47/57 MP: 5/5
  2375 | D:3      | Found a glowing drain.
  2379 | Sewer    | Entered a sewer
  2644 | Sewer    | Found a shimmering altar of Xom.
  2649 | Sewer    | Reached skill level 6 in Fighting
  2649 | Sewer    | Reached XP level 6. HP: 60/67 MP: 6/6
  2926 | Sewer    | HP: 2/68 [acid (2)]
  2926 | Sewer    | Slain by a jelly

Illustrated notes

Levels and vault maps discovered:
D:1:      shiori_arrival_oz, layout_basic,
          shapermc_ecumenical_altar_mp_urbaneastern
D:2:      layout_loops_cross, serial_co_window_serial, co_window_paths_a,
          co_window_paths_a, co_window_corner_a, co_window_corner_a,
          co_window_of_opportunity_a, co_window_corner_ca,
          co_window_unsneaky_path_b, co_window_paths_c,
          co_window_unsneaky_path_e, co_window_paths_c, co_window_corner_ca,
          glass_columns_c, glass_columns_a, glass_columns_a, glass_columns_a
D:3:      layout_rooms, mainiacjoe_overflow_boulevard, amcnicky_altar_gilded,
          lightli_sewer_entry_pipes
Sewer:    sewer_hellmonk_slimy_pipes

Skill      XL: |  1  2  3  4  5 |
---------------+----------------+-----
Fighting       | 3 4 5 6 |  6.3
Maces & Flails | 3 4 |  4.8
Throwing       | |  2.0
Dodging        | |  2.6

Action                     |  1- 3 |  4- 6 || total
---------------------------+-------+-------++-------
  Melee: Flail             |    88 |   149 ||   237
         Punch             |     1 |     2 ||     3
         Whip              |    38 |     5 ||    43
   Stab: Sleeping          |       |     2 ||     2
 Armour: Robe              |    44 |    49 ||    93
  Dodge: Dodged            |    80 |    86 ||   166
